 Dungeon Crawl Stone Soup version 0.31.0-11-ge490571c62 (webtiles) character file.

Game seed: 10140806027499835743

538 jasper the Severer (level 7, 0/88 HPs)
             Began as a Minotaur Berserker on Jan 29, 2024.
             Was a Priest of Trog.
             Slain by Duvessa
             ... wielding a +0 short sword
              (11 damage)
             ... on level 4 of the Dungeon.
             The game lasted 00:05:54 (1903 turns).

jasper the Severer (Minotaur Berserker)             Turns: 1903, Time: 00:05:55

Health: 0/88       AC: 12    Str: 21    XL:     7   Next: 5%
Magic:  6/6        EV:  7    Int:  4    God:    Trog [***...]
Gold:   157        SH:  0    Dex: 12    Spells: 6/6 levels left

rFire   . . .        a - +0 hand axe
rCold   . . .        (no shield)
rNeg    . . .        h - +0 plate armour
rPois   +            (helmet restricted)
rElec   .            r - +0 cloak
rCorr   .            (no gloves)
SInv    .            (no boots)
Will    ++...        (no amulet) Stlth
                     l - ring of poison resistance
HPRegen 1.34/turn    (no ring)
MPRegen 0.10/turn

%: no passive effects
@: berserking, strong-willed, regenerating, hasted, very quick
A: horns 2, retaliatory headbutt
a: Renounce Religion, Berserk, Trog's Hand


You were on level 4 of the Dungeon.
You worshipped Trog.
Trog was most pleased with you.
You visited 1 branch of the dungeon, and saw 4 of its levels.

You collected 157 gold pieces.

Inventory:

Hand Weapons
 a - a +0 hand axe (weapon)
 o - a +0 sling
 t - a +0 short sword
Missiles
 j - 14 stones (quivered)
 k - 24 poisoned darts
Armour
 b - a +0 animal skin
 d - a +0 chain mail
 h - a +0 plate armour (worn)
 r - a +0 cloak (worn)
Jewellery
 l - a ring of poison resistance (left hand)
Scrolls
 e - a scroll of revelation
 f - a scroll of amnesia
Potions
 g - a potion of degeneration
 i - a potion of berserk rage
 m - a potion of cancellation
 q - a potion of enlightenment


   Skills:
 + Level 4.1 Fighting
 - Level 15.6 Axes
 + Level 3.1 Armour
 + Level 2.8 Dodging


You had 6 spell levels left.
You didn't know any spells.
Your spell library was empty.

Dungeon Overview and Level Annotations

Branches:
Dungeon (4/15)
 Temple: D:4-7

Altars:

Shops:
D:3 (((

Annotations:
D:4 Duvessa


Innate Abilities, Weirdness & Mutations

You have a pair of horns on your head.
You reflexively headbutt those who attack you in melee.


Message History

Your orc barely misses the gnoll.
The gnoll closely misses your orc. Duvessa barely misses you.
Unknown command.
Unknown command.
You feel better.
You flicker for a moment.
Duvessa hits you with a +0 short sword.
Your orc completely misses the gnoll.
Your orc hits the gnoll with a +0 hand axe.
The gnoll barely misses your orc. The gnoll hits your orc with a +0 club.
Duvessa hits you with a +0 short sword.
* * * LOW HITPOINT WARNING * * *
Your orc hits the gnoll with a +0 hand axe.
The gnoll dies!
Trog accepts your kill.
Your orc barely misses the gnoll.
You aren't carrying any items that you can evoke.
You feel yourself speed up.
You hear a zap.
Your orc is charmed!
Duvessa hits you with a +0 short sword.
* * * LOW HITPOINT WARNING * * *
Your orc shouts!
The gnoll shouts!
Okay, then.
It was a potion of haste.
You feel yourself speed up.
The orc dissolves into shadows!
You flicker back into view.
You feel the effects of Trog's Hand fading.
Duvessa attacks as she pursues you! Duvessa hits you with a +0 short sword!
* * * LOW HITPOINT WARNING * * *
Duvessa attacks as she pursues you! Duvessa barely misses you.
Duvessa attacks as she pursues you! Duvessa hits you with a +0 short sword.
* * * LOW HITPOINT WARNING * * *
Your skin crawls.
You feel strong-willed.
You recover from your berserk rage.
Duvessa hits you with a +0 short sword.
* * * LOW HITPOINT WARNING * * *
A red film seems to cover your vision as you go berserk!
You feel yourself moving faster!
You feel mighty! Duvessa hits you with a +0 short sword!
You die...

...(.....#.)...#
.............?.o#.###.##
..............e.....#..+
...............)......#+
.................###....
...............g........
................h###....
........#####...........
.......@# #######.....
.......e#### #.##.....
...........# #..g.####
########.#.#####g#######
#.#.......†.....#
#......###.#..#..
######.#...#..#..
..#.###....# ##.#.
##....


You could see Duvessa (berserk).

Vanquished Creatures
  An orc warrior (D:4)
  Jessica (D:2)
  3 orc wizards
  4 adders
  A gnoll (D:4)
  A ribbon worm (D:2)
  10 dart slugs
  5 orcs
  4 endoplasms (D:1)
  A giant cockroach (D:3)
  8 goblins
  3 hobgoblins
  6 kobolds
  2 quokkas
  4 ball pythons
  2 bats
  4 frilled lizards
  10 rats
70 creatures vanquished.

Vanquished Creatures (collateral kills)
  Dowan (D:4)
  A gnoll (D:4)
2 creatures vanquished.

Grand Total: 72 creatures vanquished

Notes
Turn   | Place    | Note
-------+----------+-------------------------------------------
     0 | D:1      | jasper the Minotaur Berserker began the quest for the Orb.
     0 | D:1      | Reached XP level 1. HP: 19/19 MP: 0/0
    46 | D:1      | Reached skill level 4 in Axes
   179 | D:1      | Reached XP level 2. HP: 26/26 MP: 1/1
   364 | D:1      | Reached ** piety under Trog
   595 | D:1      | Reached skill level 5 in Axes
   640 | D:2      | Noticed Jessica
   654 | D:2      | Reached XP level 3. HP: 31/31 MP: 2/2
   657 | D:2      | Killed Jessica
   908 | D:2      | Reached skill level 6 in Axes
   908 | D:2      | Reached XP level 4. HP: 39/39 MP: 3/3
   934 | D:2      | Identified the +1 leather armour of the Four Gods {rF+
                  | Regen+}
  1222 | D:3      | Found Gietteut's Weapon Shoppe.
  1238 | D:3      | Found a faded altar of an unknown god.
  1354 | D:3      | Reached *** piety under Trog
  1376 | D:3      | Reached skill level 7 in Axes
  1376 | D:3      | Reached XP level 5. HP: 42/45 MP: 4/4
  1378 | D:3      | Found Gakkyop's Antique Weapon Shoppe.
  1421 | D:3      | Found Qudghann's Antique Weapon Shoppe.
  1749 | D:3      | Reached skill level 15 in Axes
  1749 | D:3      | Reached XP level 6. HP: 51/51 MP: 5/5
  1799 | D:4      | Noticed an orc warrior
  1860 | D:4      | Killed an orc warrior
  1864 | D:4      | Noticed Dowan
  1872 | D:4      | Noticed Duvessa
  1874 | D:4      | Killed Dowan
  1875 | D:4      | Reached XP level 7. HP: 40/59 MP: 6/6
  1903 | D:4      | Slain by Duvessa

Illustrated notes

Levels and vault maps discovered:
D:1:      erik_arrival_cave_to_civilisation [erik_arrival_cave_to_hall],
          layout_basic
D:2:      layout_rooms, uniq_jessica
D:3:      kennysheep_slugbush, layout_rooms, serial_shops,
          nicolae_shop_tiny_real_fake_doors, shop, shop,
          hellmonk_ecumenical_altar_leap_of_faith, amethyst_killhole
D:4:      minmay_octagon_keep, layout_basic, uniq_duvessa

Skill      XL: |  1  2  3  4  5  6 |
---------------+-------------------+-----
Axes           | 4 5 6 7 15 | 15.6
Fighting       | 4 |  4.1
Armour         | 3 |  3.1
Dodging        | |  2.8

Action                     |  1- 3 |  4- 6 |  7- 9 || total
---------------------------+-------+-------+-------++-------
  Melee: Hand axe          |    66 |    93 |     1 ||   160
         Headbutt          |    13 |    17 |       ||    30
         Punch             |       |     2 |       ||     2
  Throw: Dart              |     4 |     1 |       ||     5
         Stone             |     1 |     5 |       ||     6
 Invoke: Berserk           |       |     1 |     1 ||     2
         Trog's Hand       |       |       |     3 ||     3
    Use: Scroll            |       |    16 |     1 ||    17
         Potion            |       |     1 |     5 ||     6
   Stab: Sleeping          |     1 |       |       ||     1
 Armour: Chain mail        |    52 |    33 |       ||    85
         Animal skin       |     1 |       |       ||     1
         Plate armour      |       |    23 |    22 ||    45
  Dodge: Dodged            |    22 |    34 |    12 ||    68
